 Dungeon Crawl Stone Soup version 0.17-a0-1210-g1e4f09d (webtiles) character file.

35 Raurakos the Insei (level 3, 3/17 HPs)
             Began as a Vine Stalker Transmuter on June 3, 2015.
             Quit the game on level 2 of the Dungeon on June 5, 2015.
             The game lasted 00:03:22 (897 turns).

Raurakos the Insei (Vine Stalker Transmuter)         Turns: 897, Time: 00:03:22

Health: 3/17       AC:  3    Str:  8 (12) XL:     3   Next: 35%
Magic:  6/16       EV: 11    Int: 13      God:
Gold:   52         SH:  0    Dex: 15      Spells: 1 memorised, 5 levels left

rFire  . . .     SeeInvis .       - Unarmed
rCold  . . .     Clarity  .     i - +0 leather armour
rNeg   + . .     SustAt   .     (no shield)
rPois  .         Gourm    .     (no helmet)
rElec  .         Spirit   +     (no cloak)
rCorr  .         Warding  .     (no gloves)
rMut   .         Stasis   .     (no boots)
MR     .....                    (no amulet)
Stlth  +.........               l - ring of magical power
                                j - ring of positive energy

@: lethally poisoned (3 -> 0), not resistant to hostile enchantments, very
unstealthy
A: fangs 2, regeneration 1, magic shield, antimagic bite, no device heal 3, rot
immunity
a: no special abilities


You were on level 2 of the Dungeon.
You were not hungry.

You visited 1 branch of the dungeon, and saw 2 of its levels.

You collected 52 gold pieces.

Inventory:

Missiles
 g - 49 stones (quivered)
Armour
 i - a +0 leather armour (worn)
Jewellery
 j - a ring of positive energy (left hand)
 l - a ring of magical power (right hand)
Scrolls
 e - 2 scrolls of enchant armour {unknown}
 h - 2 scrolls of identify {unknown}
 k - a scroll of remove curse {unknown}
Books
 c - a book of Changes

   Spells                             Type                      Level
   a - Beastly Appendage              Transmutation                1
   b - Sticks to Snakes               Transmutation                2
   c - Spider Form                    Transmutation/Poison         3
   d - Ice Form                       Ice/Transmutation            4
   e - Blade Hands                    Transmutation                5
Comestibles
 d - 2 bread rations
 m - a meat ration


   Skills:
 - Level 0.8 Fighting
 - Level 1.5 Dodging
 + Level 4.3 Unarmed Combat
 - Level 2.1 Spellcasting
 - Level 2.0 Transmutations


You had 5 spell levels left.
You knew the following spells:

 Your Spells              Type           Power        Failure   Level  Hunger
a - Beastly Appendage     Trmt           #.....       17%         1    ##.....


Dungeon Overview and Level Annotations

Branches:
Dungeon (2/15)

Altars:


Innate Abilities, Weirdness & Mutations

You have extremely sharp teeth.
Your natural rate of healing is unusually fast.
When hurt, damage is shared between your health and your magic reserves.
Your bite disrupts and absorbs the magic of your enemies.
Potions and wands cannot restore your health.
You are immune to rotting.


Message History

You are lethally poisoned!
The adder poisons you!
You hit the adder.
You kill the adder!
* * * LOW HITPOINT WARNING * * *
You feel sick.
You see here an adder corpse.
Drink which item? (? for menu, Esc to quit)
It was a potion of degeneration.
There was something very wrong with that liquid.
You feel weakened.
* * * LOW HITPOINT WARNING * * *
You feel sick.
Saving game... please wait.
Welcome back, Raurakos the Vine Stalker Transmuter.
Press ? for a list of commands and other information.
You aren't carrying any potions.
Quiver which item? (- for none, * to show all) (? for menu, Esc to quit)
Okay, then.
Are you sure you want to abandon this character and quit the game? (Confirm with "yes".)

#
#...#........#
..
#...#........#
..
#...#........#
..
#...##########
.. #...# ##
#...#
#...######
#........#
##..@....#
#.......#
#.......#
#.......#
#.......#
........#
.#..(...(#
#.#.##...##


There were no monsters in sight!

Vanquished Creatures
  2 adders (D:2)
  2 giant geckos (D:2)
  A giant cockroach (D:2)
  4 hobgoblins
  A bat (D:1)
  3 goblins
  A kobold (D:1)
  3 rats
17 creatures vanquished.

Notes
Turn   | Place    | Note
--------------------------------------------------------------
     0 | D:1      | Raurakos the Vine Stalker Transmuter began the quest for the Orb.
     0 | D:1      | Reached XP level 1. HP: 9/9 MP: 4/4
   604 | D:2      | Reached XP level 2. HP: 14/14 MP: 6/6
   808 | D:2      | Reached skill level 4 in Unarmed Combat
   808 | D:2      | Reached XP level 3. HP: 4/17 MP: 7/7
   897 | D:2      | Quit the game

Vault maps used:
D:1:      dpeg_arrival_refuge
D:2:      gammafunk_temple_overflow_pools, first_bread, mrwooster_statue_mirror

Action                   || total
-------------------------++-------
Melee: Unarmed           ||    79
Throw: Stone             ||    14
  Use: Potion            ||     3
 Stab: Sleeping          ||     1
